 Dungeon Crawl Stone Soup version 0.32-a0-473-gd044c6f0f0 (webtiles) character file.

Game seed: 17835600474373248962

161 CougarLife the Digger (level 5, -2/28 HPs)
             Began as a Gargoyle Earth Elementalist on Feb 25, 2024.
             Slain by an orc
             ... wielding a +0 short sword
              (3 damage)
             ... on level 3 of the Dungeon.
             The game lasted 00:01:59 (2317 turns).

CougarLife the Digger (Gargoyle Earth Elementalist) Turns: 2317, Time: 00:01:59

Health: -2/28      AC:  8    Str: 12    XL:     5   Next: 42%
Magic:  4/10       EV: 11    Int: 17    God:
Gold:   79         SH:  0    Dex: 10    Spells: 6/10 levels left

rFire   . . .        d - +0 dagger (protect)
rCold   . . .        (no shield)
rNeg    + . .        a - +0 robe
rPois   ∞            i - +0 helmet
rElec   +            (no cloak)
rCorr   .            (no gloves)
SInv    .            j - +0 pair of boots
Will    .....        (no amulet)
Stlth   ++           (no ring)
HPRegen 0.24/turn    (no ring)
MPRegen 0.12/turn

%: no passive effects
@: very slightly contaminated
A: sickness immunity, AC +4, negative energy resistance 1, electricity
resistance, torment resistance 1, petrification resistance
a: no special abilities


You were on level 3 of the Dungeon.
You visited 1 branch of the dungeon, and saw 3 of its levels.

You collected 79 gold pieces.

Inventory:

Hand Weapons
 d - a +0 dagger of protection (weapon)
Armour
 a - a +0 robe (worn)
 i - a +0 helmet (worn)
 j - a +0 pair of boots (worn)
Scrolls
 c - 3 scrolls of enchant weapon {unknown}
 f - 3 scrolls of teleportation {unknown}
 g - a scroll of identify {unknown}
 h - a scroll of revelation {unknown}
Potions
 b - a potion of magic
 e - a potion of curing {unknown}


   Skills:
 - Level 1.5 Dodging
 - Level 2.1 Stealth
 + Level 3.3 Spellcasting
 + Level 3.1 Conjurations
 + Level 5.0 Earth Magic


You had 6 spell levels left.
You knew the following spells:

 Your Spells              Type           Power      Damage    Failure   Level
a - Sandblast             Erth           40%        2d10      1%          1
b - Stone Arrow           Conj/Erth      32%        3d9       10%         3

Your spell library contained the following spells:

 Spells                   Type           Power      Damage    Failure   Level
 Passwall                 Erth           20%        N/A       6%          3
 Slow                     Hex            8%         N/A       17%         1
 Lesser Beckoning         Tloc           4%         N/A       26%         2
 Brom's Barrelling Bould  Conj/Erth      16%        2d4       30%         4
 Confusing Touch          Hex            2%         N/A       45%         3
 Gell's Gravitas          Tloc           2%         N/A       45%         3
 Sigil of Binding         Hex            2%         N/A       45%         3
 Teleport Other           Tloc           2%         N/A       45%         3
 Vampiric Draining        Necr           2%         2d6       45%         3
 Petrify                  Alch/Erth      11%        N/A       52%         4


Dungeon Overview and Level Annotations

Branches:
Dungeon (3/15)

Altars:

Shops:
D:2 !


Innate Abilities, Weirdness & Mutations

You are immune to sickness and miasma.
Your stone body is resilient. (AC +4)
You are immune to poison.
You resist negative energy. (rN+)
You are resistant to electric shocks. (rElec)
You are resistant to unholy torment.
You are immune to petrification.


Message History

The orc shouts!
The bat closely misses you. The orc hits you but does no damage.
The orc priest hits you but does no damage.
The ribbon worm barely misses you.
There are monsters nearby!
You miscast Sandblast.
You are very lightly contaminated with residual magic.
Nothing appears to happen.
The bat closely misses you.
The orc hits you from afar with a +0 trident.
The orc priest barely misses you.
The ribbon worm expels a string of sticky webbing.
The stream of webbing hits you but does no damage.
You are caught in a web!
The blast of sand hits the orc priest!
You kill the orc priest!
The bat hits you but does no damage. The orc barely misses you.
The ribbon worm bites you but does no damage.
The orc closely misses you. The orc hits you but does no damage.
Your Earth Magic skill increases to level 5!
You struggle to detach yourself from the web.
The ribbon worm bites you. The orc closely misses you.
The orc hits you with a +0 short sword. The orc hits you with a +0 flail.
The web tears apart.
The orc hits you but does no damage. The orc closely misses you.
The ribbon worm expels a string of sticky webbing.
The stream of webbing hits you but does no damage.
You are caught in a web!
The orc barely misses you.
You struggle to detach yourself from the web.
The orc barely misses you. The orc hits you with a +0 short sword.
The orc hits you with a +0 flail.
You struggle to detach yourself from the web.
The ribbon worm bites you but does no damage.
The orc hits you from afar with a +0 trident.
* * * LOW HITPOINT WARNING * * *
The orc hits you but does no damage. The orc hits you with a +0 flail.
* * * LOW HITPOINT WARNING * * *
The web tears apart.
The ribbon worm bites you.
* * * LOW HITPOINT WARNING * * *
The orc hits you but does no damage. The orc hits you with a +0 short sword.
You die...

###.#......########.### #.......#
###.######## #...# #.......#
.......##############.###.......#
.....................†....)......
##.#....###.##.#######.........#
...#........##.########........#
##........###...........#......#
...#...#...##.##.#########.##....
...#.#.###.##. #@# .# ###
<#.#.#.. .##.boow...... .#
##†#.### ##..o.$...... $.
.......# #........... #. .#.....#
#........... .#.....#
#........... .##....#
#........... .###...#
............ ####...##


You could see a ribbon worm (catching breath), 3 orcs and a bat.

Vanquished Creatures
  An orc priest (D:3)
  Robin (D:2)
  3 adders (D:2)
  4 dart slugs
  9 endoplasms
  2 giant cockroaches
  17 goblins
  7 hobgoblins
  9 jackals
  A kobold (D:1)
  4 quokkas
  7 ball pythons
  3 bats
  4 frilled lizards
  5 rats
77 creatures vanquished.

Notes
Turn   | Place    | Note
-------+----------+-------------------------------------------
     0 | D:1      | CougarLife the Gargoyle Earth Elementalist began the quest
                  | for the Orb.
     0 | D:1      | Reached XP level 1. HP: 10/10 MP: 3/3
   172 | D:1      | Reached XP level 2. HP: 15/15 MP: 1/5
   250 | D:1      | Reached skill level 4 in Earth Magic
   564 | D:1      | Reached XP level 3. HP: 19/19 MP: 3/6
  1114 | D:2      | Reached XP level 4. HP: 19/24 MP: 0/8
  1226 | D:2      | Learned a level 3 spell: Stone Arrow
  1399 | D:2      | Noticed Robin
  1445 | D:2      | Killed Robin
  1741 | D:2      | Reached XP level 5. HP: 28/28 MP: 6/9
  1785 | D:2      | Found Ponuokud's Distillery.
  2313 | D:3      | Reached skill level 5 in Earth Magic
  2317 | D:3      | HP: 1/28 [ribbon worm (2)]
  2317 | D:3      | Slain by an orc

Illustrated notes

Levels and vault maps discovered:
D:1:      minmay_arrival_wavy_path, layout_basic
D:2:      layout_basic, serial_shops, nicolae_shop_crystal, uniq_robin
D:3:      layout_basic, gammafunk_ghost_cemetery, minmay_misc_feat_alley,
          glass_columns_a

Skill      XL: |  1  2  3  4  5 |
---------------+----------------+-----
Earth Magic    | 4 5 |  5.0
Conjurations   | 2 3 |  3.1
Spellcasting   | 3 |  3.3
Dodging        | |  1.5
Stealth        | |  2.1

Action                     |  1- 3 |  4- 6 || total
---------------------------+-------+-------++-------
  Melee: Unarmed           |     1 |       ||     1
         Punch             |     1 |       ||     1
         Dagger            |       |    23 ||    23
   Cast: Sandblast         |    45 |    52 ||    97
 Armour: Robe              |     5 |    67 ||    72
  Dodge: Dodged            |     9 |    45 ||    54

Table legend: (Time is in decaauts)
 A = Elapsed time spent in this place.
 B = Non-inter-level travel time spent in this place.
 C = Inter-level travel time spent in this place.
 D = Time resting spent in this place.
 E = Time spent auto-exploring this place.
 F = Levels seen in this place.
 G = Mean time per level.
                   A        B        C        D        E       F      G
               +--------+--------+--------+--------+--------+-----+--------+
         Total |   2364 |   2291 |     73 |     65 |   1840 |   3 |  788.0 |
       Dungeon |   2364 |   2291 |     73 |     65 |   1840 |   3 |  788.0 |
               +--------+--------+--------+--------+--------+-----+--------+

Top non-repeatable levels by time:
     D:2: 1073 daAuts
     D:1: 1048 daAuts
     D:3: 242 daAuts
